 Dungeon Crawl Stone Soup version 0.31.0-12-g77e489cdc1 (webtiles) character file.

Game seed: 8599061504720721303

39 Gadfly the Covered (level 3, 0/30 HPs)
             Began as an Armataur Fighter on Mar 1, 2024.
             Slain by a gnoll
             ... wielding a +0 whip
              (6 damage)
             ... on level 1 of the Dungeon.
             The game lasted 00:00:58 (876 turns).

Gadfly the Covered (Armataur Fighter)                Turns: 876, Time: 00:00:59

Health: 0/30       AC:  7    Str: 21    XL:     3   Next: 28%
Magic:  3/3        EV:  7    Int:  8    God:
Gold:   35         SH:  4    Dex: 11    Spells: 2/2 levels left

rFire   . . .        a - +0 flail
rCold   . . .        c - +0 buckler
rNeg    . . .        b - +0 scale mail
rPois   .            (no helmet)
rElec   .            (no cloak)
rCorr   .            (no gloves)
SInv    .            (no barding)
Will    .....        (no amulet) Stlth
                     (no ring)
HPRegen 0.25/turn    (no ring)
MPRegen 0.08/turn

%: roll
@: no status effects
A: large, deformed body, tough skin 3, armoured tail, roll 1
a: no special abilities


You were on level 1 of the Dungeon.
You visited 1 branch of the dungeon, and saw 2 of its levels.

You collected 35 gold pieces.

Inventory:

Hand Weapons
 a - a +0 flail (weapon)
Armour
 b - a +0 scale mail (worn)
 c - a +0 buckler (worn)
Scrolls
 e - a scroll of identify
Potions
 d - a potion of might
 f - 3 potions of curing


   Skills:
 + Level 2.8 Fighting
 * Level 2.2 Maces & Flails
 + Level 3.8 Armour
 + Level 3.5 Shields
 * Level 1.2 Invocations
 * Level 1.0 Evocations


You had 2 spell levels left.
You didn't know any spells.
Your spell library was empty.

Dungeon Overview and Level Annotations

Branches:
Dungeon (2/15)

Altars:


Innate Abilities, Weirdness & Mutations

Armour fits poorly on your strangely shaped body.
You have extremely tough skin. (AC +3)
You have a long armoured tail.
You regenerate magic when rolling toward enemies. (Rampage MPRegen)


Message History

The gnoll is severely wounded.
The gnoll hits you but does no damage.
The gnoll hits you from afar with a +0 halberd.
The gnoll hits you with a +0 whip.
You are too injured to fight recklessly!
You are too injured to fight recklessly!
You are too injured to fight recklessly!
You are too injured to fight recklessly!
You are too injured to fight recklessly!
You are too injured to fight recklessly!
You are too injured to fight recklessly!
You are too injured to fight recklessly!
You are too injured to fight recklessly!
You are too injured to fight recklessly!
You are too injured to fight recklessly!
You are too injured to fight recklessly!
You are too injured to fight recklessly!
You are too injured to fight recklessly!
Unknown command.
There is a stone staircase leading up here.
The gnoll hits you with a +0 whip. You block the gnoll's attack.
The gnoll barely misses you.
You climb upwards.
There is a stone staircase leading down here.
You barely miss the gnoll.
The gnoll is severely wounded.
The gnoll hits you with a +0 whip.
* * * LOW HITPOINT WARNING * * *
The gnoll closely misses you. The gnoll hits you but does no damage.
You hit the gnoll.
The gnoll is almost dead.
The gnoll hits you with a +0 whip.
* * * LOW HITPOINT WARNING * * *
The gnoll hits you with a +0 whip.
* * * LOW HITPOINT WARNING * * *
The gnoll barely misses you. The gnoll attacks as it pursues you!
The gnoll closely misses you. The gnoll attacks as it pursues you!
The gnoll hits you but does no damage. The gnoll attacks as it pursues you!
The gnoll hits you with a +0 whip.
You die...

#.# ##...########.#
#.# #.....# #.# #.#
#..)..# #.# #.#
#.....# #.# #.#
##....## #.# #.#
###.#.######.## ..#
#..###........# ###
#.#.#.######..##
#.##.###).@g...#
#.##.# #.###...#
#####.##.###.# #g..#
###..........#.###.>.#
........##.#.#.##....#
....###.##.#....#.#..#
....# #.##.#.#.#.>...#
###.###.##...........#
####
......#.....#........#
#...


You could see a gnoll.

Vanquished Creatures
  A gnoll (D:2)
  3 dart slugs
  2 bats (D:1)
  An endoplasm (D:2)
  2 giant cockroaches (D:1)
  A goblin (D:1)
  4 hobgoblins
  3 jackals (D:1)
  2 frilled lizards (D:1)
  2 kobolds (D:1)
  A rat (D:1)
22 creatures vanquished.

Notes
Turn   | Place    | Note
-------+----------+-------------------------------------------
     0 | D:1      | Gadfly the Armataur Fighter began the quest for the Orb.
     0 | D:1      | Reached XP level 1. HP: 18/18 MP: 1/1
    88 | D:1      | Reached XP level 2. HP: 23/25 MP: 2/2
   196 | D:1      | You fall into a shaft and drop 1 floor!
   307 | D:1      | Reached skill level 1 in Invocations
   544 | D:1      | Reached XP level 3. HP: 24/30 MP: 3/3
   863 | D:2      | Reached skill level 1 in Evocations
   876 | D:1      | Slain by a gnoll

Illustrated notes

Levels and vault maps discovered:
D:1:      beargit_arrival_greenhouse, layout_loops_ring, item_on_display_a
D:2:      layout_loops_corners, serial_bayou, serial_bayou_shore_a,
          serial_bayou_pond_c, serial_bayou_pond_e, serial_bayou_pond_b,
          basic_altar, kennysheep_boxes

Skill      XL: |  1  2  3 |
---------------+----------+-----
Maces & Flails | 2 |  2.2
Invocations    | 1 |  1.2
Evocations     | 1 |  1.0
Fighting       | |  2.8
Armour         | |  3.8
Shields        | |  3.5

Action                     || total
---------------------------++-------
  Melee: Flail             ||    82
         Tailslap          ||     6
    Use: Scroll            ||     4
 Armour: Scale mail        ||    82
  Dodge: Dodged            ||    36
  Block: Buckler           ||    18
